 Dungeon Crawl Stone Soup version 0.17.1-3-g152610e (webtiles) character file.

4 Zetta the Grasshopper (level 1, -1/19 HPs)
             Began as a Naga Warper on Feb 23, 2016.
             Slain by a jackal (3 damage)
             ... on level 1 of the Dungeon.
             The game lasted 00:02:40 (309 turns).

Zetta the Grasshopper (Naga Warper)                  Turns: 309, Time: 00:02:40

Health: -1/19      AC:  1    Str: 13    XL:     1   Next: 70%
Magic:  3/3        EV:  9    Int: 13    God:
Gold:   7          SH:  0    Dex: 10    Spells: 1 memorised, 3 levels left

rFire  . . .     SeeInvis +     a - +0 falchion
rCold  . . .     Clarity  .     b - +0 leather armour
rNeg   . . .     SustAt   .     (no shield)
rPois  +         Gourm    .     (no helmet)
rElec  .         Spirit   .     (no cloak)
rCorr  .         Warding  .     (no gloves)
rMut   .         Stasis   .     (no barding)
MR     .....                    (no amulet)
Stlth  +.........               (no ring)
                                (no ring)

@: very slow, not resistant to hostile enchantments, very unstealthy
A: see invisible, deformed body, poison resistance, slowness 2, slow metabolism
1, spit poison 2, AC +0
a: Spit Poison


You were on level 1 of the Dungeon.
You were not hungry.

You visited 1 branch of the dungeon, and saw 1 of its levels.

You collected 7 gold pieces.

Inventory:

Hand Weapons
 a - a +0 falchion (weapon)
Missiles
 e - 5 tomahawks of dispersal (quivered)
Armour
 b - a +0 leather armour (worn)
Scrolls
 d - a scroll of blinking
Books
 c - a book of Spatial Translocations

   Spells                             Type                      Level
   a - Apportation                    Translocation                1
   b - Blink                          Translocation                2
   c - Shroud of Golubria             Charms/Translocation         2
   d - Portal Projectile              Translocation                3
   e - Teleport Other                 Translocation                3
   f - Passage of Golubria            Translocation                4
Comestibles
 f - 2 bread rations


   Skills:
 + Level 2.0 Fighting
 + Level 2.0 Long Blades
 - Level 0.8 Throwing
 - Level 0.7 Armour
 + Level 1.7 Dodging
 + Level 2.0 Spellcasting
 + Level 3.1 Translocations


You had 3 spell levels left.
You knew the following spells:

 Your Spells              Type           Power        Failure   Level  Hunger
a - Apportation           Tloc           #.........   12%         1    ##.....


Dungeon Overview and Level Annotations

Branches:
Dungeon (1/15)

Altars:


Innate Abilities, Weirdness & Mutations

You cannot wear boots.
Your serpentine skin is tough (AC +0).
You have supernaturally acute eyesight.
Armour fits poorly on your strangely shaped body.
Your system is resistant to poisons.
You cover ground very slowly.
You have a slow metabolism.
You can spit poison.


Message History

You barely miss the jackal. The bat misses you. The jackal closely misses you.
The jackal barely misses you.
You closely miss the jackal. The bat hits you but does no damage.
The jackal barely misses you. The jackal bites you.
The jackal bites you but does no damage.
The jackal misses you.
You hit the jackal but do no damage. The bat hits you but does no damage.
The jackal bites you. The jackal barely misses you.
The jackal bites you but does no damage.
The bat barely misses you. The jackal closely misses you.
The jackal bites you but does no damage.
You barely miss the jackal. The bat hits you. The jackal barely misses you.
The jackal barely misses you. The jackal bites you. The jackal bites you.
The jackal closely misses you. The jackal bites you.
You closely miss the jackal. The bat closely misses you. The jackal bites you.
* * * LOW HITPOINT WARNING * * *
The jackal bites you.
* * * LOW HITPOINT WARNING * * *
The jackal closely misses you. The jackal bites you.
You die...

#. #..# #.....##
#.##..# #......#
#.....###..###.#
#..........# #.#
#...#.####.###.#
#...#.# #.....#
+...>.####.#####
#%......##.###
#h@b..#.##...#
......hhh....##.#.###
.......r............#
.........#....#.###.#
......####.#....# .#
...... #....... #
.....! ..#.##.##
###... #.....#..#
#.#.#.#..#


You could see 4 jackals, a bat and a rat.

Vanquished Creatures
  2 giant cockroaches (D:1)
  A kobold (D:1)
  3 rats (D:1)
6 creatures vanquished.

Notes
Turn   | Place    | Note
--------------------------------------------------------------
     0 | D:1      | Zetta the Naga Warper began the quest for the Orb.
     0 | D:1      | Reached XP level 1. HP: 19/19 MP: 3/3
   309 | D:1      | Slain by a jackal

Action                   || total
-------------------------++-------
Melee: Falchion          ||    27
 Stab: Sleeping          ||     1
